 Dungeon Crawl Stone Soup version 0.30-a0-393-g54b8e3be05 (webtiles) character file.

Game seed: 3060488513818742119

30 lunkers the Slasher (level 3, -2/31 HPs)
             Began as a Meteoran Fighter on Dec 5, 2022.
             Slain by a goblin
             ... wielding a +0 dagger
             ... led by Robin
              (5 damage)
             ... on level 2 of the Dungeon.
             The game lasted 00:02:14 (583 turns).

lunkers the Slasher (Meteoran Fighter)               Turns: 583, Time: 00:02:15

Health: -2/31      AC:  6    Str: 18    XL:     3   Next: 58%
Magic:  4/4        EV:  9    Int:  9    God:
Gold:   31         SH:  5    Dex: 15    Spells: 2/2 levels left

rFire   . . .      SeeInvis .    a - +0 long sword
rCold   . . .      Faith    .    c - +0 buckler
rNeg    . . .      Spirit   .    b - +0 scale mail
rPois   .          Reflect  .    (no helmet)
rElec   .          Harm     .    (no cloak)
rCorr   .          Rampage  .    (no gloves)
Will    .....                    (no boots)
Stlth   ..........               (no amulet)
HPRegen 0.25/turn                (no ring)
MPRegen 0.09/turn                (no ring)

@: glowing
A: sense surroundings 1, otherworldly, glowing, explore regen
a: no special abilities


You were on level 2 of the Dungeon.
You visited 1 branch of the dungeon, and saw 2 of its levels.

You collected 31 gold pieces.

Inventory:

Hand Weapons
 a - a +0 long sword (weapon)
Missiles
 h - a throwing net
Armour
 b - a +0 scale mail (worn)
 c - a +0 buckler (worn)
Scrolls
 e - a scroll of poison {unknown}
 f - a scroll of fear {unknown}
 i - 2 scrolls of teleportation {unknown}
Potions
 d - a potion of might
 g - 2 potions of curing {unknown}
 j - a potion of cancellation {unknown}


   Skills:
 - Level 3.2 Fighting
 + Level 4.3 Long Blades
 - Level 3.6 Armour
 - Level 3.6 Shields


You had 2 spell levels left.
You didn't know any spells.
Your spell library was empty.

Dungeon Overview and Level Annotations

Branches:
Dungeon (2/15) Zot: 599

Altars:

Annotations:
D:2 Robin


Innate Abilities, Weirdness & Mutations

You passively map a small area around you.
You are easily found by Zot.
You glow in the dark.
You regain HP and MP as you explore.


Message History

The goblin closely misses you.
You barely miss the goblin. The goblin hits you with a +0 dagger.
* * * LOW HITPOINT WARNING * * *
You slash the goblin!
You kill the goblin!
You hit the goblin.
You kill the goblin!
The goblin no longer looks unusually strong.
You barely miss the goblin.
Robin roars a battlecry!
The goblin goes into a battle-frenzy!
The goblin hits you with a +0 club.
* * * LOW HITPOINT WARNING * * *
The goblin hits you with a +0 club.
* * * LOW HITPOINT WARNING * * *
You miss the goblin. The goblin hits you with a +0 club.
* * * LOW HITPOINT WARNING * * *
Robin throws the goblin at you!
The teleport trap disappears.
The goblin disappears!
Robin throws the goblin at you!
You hit the goblin.
The goblin is moderately wounded.
The goblin no longer looks unusually strong.
The hobgoblin no longer looks unusually strong.
The goblin no longer looks unusually strong.
The goblin closely misses you. The goblin hits you but does no damage.
Robin roars a battlecry!
The goblins go into a battle-frenzy!
You hit the goblin.
The goblin is severely wounded.
Robin's horned helmet rattles.
The goblin barely misses you. The goblin closely misses you.
The goblin misses you. The goblin hits you with a +0 club.
* * * LOW HITPOINT WARNING * * *
Robin throws the goblin at you!
You slash the goblin!
You kill the goblin!
The goblin no longer looks unusually strong.
The goblin hits you with a +0 dagger.
You die...

.... *
###.....#.#,,*
*,
,,)........#.#
, * ##### **
###......#.# *
..... ,,
#......#.#, .#
* **
.....#g.#.##, *
.##
#.....#gg.g.#,
..###
#.....#g#.g.#
....# <...
#g#g.## ....#
..., #@#gg..
....#
#.....)g#..###
....####
#########gg#
....'..## * *
#g.#
....##..####
#.g#
#######....##.#
* *
#######....##.#
, ,,
...........##.#
,
...........##.#
*


You could see Robin, a hobgoblin (strong) and 4 goblins.

Vanquished Creatures
  2 worms (D:2)
  A dart slug (D:1)
  A ball python (D:2)
  A bat (D:2)
  4 endoplasms (D:1)
  A giant cockroach (D:2)
  3 hobgoblins
  A kobold (D:1)
  A quokka (D:1)
  A frilled lizard (D:1)
  4 goblins (D:2)
  A rat (D:1)
21 creatures vanquished.

Vanquished Creatures (others)
  A kobold (D:1)
1 creature vanquished.

Grand Total: 22 creatures vanquished

Notes
Turn   | Place    | Note
-------+----------+-------------------------------------------
     0 | D:1      | lunkers the Meteoran Fighter began the quest for the Orb.
     0 | D:1      | Reached XP level 1. HP: 19/19 MP: 2/2
    50 | D:1      | Reached skill level 3 in Long Blades
    50 | D:1      | Reached XP level 2. HP: 21/26 MP: 3/3
   314 | D:2      | Reached XP level 3. HP: 31/31 MP: 4/4
   519 | D:2      | Reached skill level 4 in Long Blades
   565 | D:2      | Noticed Robin
   583 | D:2      | Slain by a goblin

Illustrated notes

Levels and vault maps discovered:
D:1:      scummos_arrival_hexagon, layout_basic,
          shapermc_ecumenical_altar_mp_urbaneastern, lemuel_flame_loot_1
D:2:      layout_basic, chequers_serial_rivers_room_a, uniq_robin

Skill      XL: |  1  2  3 |
---------------+----------+-----
Long Blades    | 3 4 |  4.3
Fighting       | |  3.2
Armour         | |  3.6
Shields        | |  3.6

Action                   || total
-------------------------++-------
Melee: Long sword        ||    63
Armor: Scale mail        ||    27
Dodge: Dodged            ||    20
Block: Buckler           ||    11

Table legend: (Time is in decaauts)
 A = Elapsed time spent in this place.
 B = Non-inter-level travel time spent in this place.
 C = Inter-level travel time spent in this place.
 D = Time resting spent in this place.
 E = Time spent auto-exploring this place.
 F = Levels seen in this place.
 G = Mean time per level.
                   A        B        C        D        E       F      G
               +--------+--------+--------+--------+--------+-----+--------+
         Total |    599 |    597 |      2 |      0 |    439 |   2 |  299.5 |
       Dungeon |    599 |    597 |      2 |      0 |    439 |   2 |  299.5 |
               +--------+--------+--------+--------+--------+-----+--------+

Top non-repeatable levels by time:
     D:2: 317 daAuts
     D:1: 281 daAuts
